 Dungeon Crawl Stone Soup version 0.25.0-46-gbd7b0854d2 (webtiles) character file.

Game seed: 11276945443003207827

43 DungeonDestroyer the Charmwright (level 3, 0/29 HPs)
             Began as a Demigod Skald on July 12, 2020.
             Slain by a kobold
             ... wielding a +0 dagger of venom
              (3 damage)
             ... on level 1 of the Dungeon.
             The game lasted 00:03:13 (2171 turns).

DungeonDestroyer the Charmwright (Demigod Skald)    Turns: 2171, Time: 00:03:13

Health: 0/29       AC:  3    Str: 16    XL:     3   Next: 20%
Magic:  8/8        EV: 12    Int: 17    God:
Gold:   53         SH:  0    Dex: 15    Spells: 3/6 levels left

rFire    . . .     SeeInvis .   a - +0 hand axe
rCold    . . .     Gourm    .   (no shield)
rNeg     . . .     Faith    .   b - +0 leather armour
rPois    .         Spirit   .   (no helmet)
rElec    .         Reflect  .   (no cloak)
rCorr    .         Harm     .   (no gloves)
MR       .....                  (no boots)
Stlth    +.........             (no amulet)
HPRegen  0.09/turn              (no ring)
MPRegen  0.11/turn              (no ring)

@: lethally poisoned (0 -> -9)
A: high mp 1
a: no special abilities


You were on level 1 of the Dungeon.
You were not hungry.

You visited 1 branch of the dungeon, and saw 2 of its levels.

You collected 53 gold pieces.

Inventory:

Hand Weapons
 a - a +0 hand axe (weapon)
Armour
 b - a +0 leather armour (worn)
Scrolls
 c - 2 scrolls of identify
Comestibles
 d - 2 rations


   Skills:
 + Level 2.1 Fighting
 + Level 2.1 Axes
 + Level 1.2 Armour
 + Level 2.0 Dodging
 + Level 0.4 Stealth
 * Level 2.0 Spellcasting
 * Level 3.1 Charms


You had 3 spell levels left.
You knew the following spells:

 Your Spells              Type           Power        Failure   Level  Hunger
a - Infusion              Chrm           ##..         7%          1    #......
b - Song of Slaying       Chrm           ##......     10%         2    ###....

Your spell library contained the following spells:

 Spells                   Type           Power        Failure   Level  Hunger
 Shroud of Golubria       Chrm/Tloc      #.....       19%         2    ###....
 Ozocubu's Armour         Chrm/Ice       #.......     36%         3    ###....
 Spectral Weapon          Hex/Chrm       #.......     36%         3    ###....


Dungeon Overview and Level Annotations

Branches:
Dungeon (2/15)


Innate Abilities, Weirdness & Mutations

You have an increased reservoir of magic. (+10% MP)


Message History

You climb upwards.
There is a stone staircase leading down here.
Unknown command.
You hit the kobold.
The kobold is severely wounded.
The kobold hits you but does no damage.
You are lethally poisoned!
You closely miss the kobold.
The kobold is severely wounded.
* * * LOW HITPOINT WARNING * * *
You feel sick. The kobold hits you but does no damage.
You are more poisoned.
The kobold barely misses you.
Unknown command.
You closely miss the kobold.
The kobold is severely wounded.
* * * LOW HITPOINT WARNING * * *
You feel sick.
The kobold hits you with a +0 dagger of venom.
You die...

..#.....# ##.#.#)#.#
#.#.##### #.....#.# #...#
##.#..#.#### #####
#....#.#..# ##...#.#..#
#...#.#..# ##..#.#..#####
#..#†#......#
#####.@#.##.###.#
#.(.(K##....# #.#
#.....####### #)#
#########()...####.####.#
#...............(#......#
#......).###.###.#.######
#..............#.#.#...#
#........###)#...#.#.#.#
#........# #.#####.#.#.#


You could see a kobold.

Vanquished Creatures
  An ooze (D:1)
  A leopard gecko (D:1)
  2 giant cockroaches
  8 goblins
  4 hobgoblins (D:1)
  8 kobolds (D:1)
  5 bats (D:1)
  3 frilled lizards
  5 rats (D:1)
37 creatures vanquished.

Notes
Turn   | Place    | Note
-------+----------+-------------------------------------------
     0 | D:1      | DungeonDestroyer the Demigod Skald began the quest for the
                  | Orb.
     0 | D:1      | Reached XP level 1. HP: 17/17 MP: 5/5
   268 | D:1      | Reached skill level 1 in Armour
   336 | D:1      | Reached XP level 2. HP: 1/24 MP: 7/7
   770 | D:1      | Learned a level 2 spell: Song of Slaying
   932 | D:1      | Reached skill level 3 in Charms
  1568 | D:1      | Reached XP level 3. HP: 24/29 MP: 8/8
  2171 | D:1      | Slain by a kobold

Illustrated notes

Levels and vault maps discovered:
D:1:      sevenhm_arrival_forest_fort_small_3, layout_basic
D:2:      layout_rooms, chequers_ecumenical_altar_lobes, uniq_terence

Skill      XL: |  1  2 |
---------------+-------+-----
Fighting       | 2 |  2.1
Armour         | 1 |  1.2
Charms         | 3 |  3.1
Axes           | 2 |  2.1
Dodging        | 2 |  2.0
Spellcasting   | 2 |  2.0
Stealth        | |  0.4

Action                   || total
-------------------------++-------
Melee: Hand axe          ||   136
  Use: Scroll            ||     5
       Potion            ||     3
 Stab: Distracted        ||     2
       Sleeping          ||     2
  Eat: Chunk             ||     4
Armor: Leather armour    ||    37
Dodge: Dodged            ||    97
